 Dungeon Crawl Stone Soup version 0.26-a0-606-g3c8f2f6 (webtiles) character file.

Game seed: 6135378292052008033

270473 minorukun the End of an Era (level 19, -27/161 HPs)
             Began as a Demonspawn Fighter on Aug 31, 2020.
             Was the Champion of Qazlal.
             Killed from afar by a tengu reaver (42 damage)
             ... with a bolt of lightning
             ... on level 2 of the Vaults.
             The game lasted 03:10:39 (35924 turns).

minorukun the End of an Era (Demonspawn Fighter)   Turns: 35924, Time: 03:10:40

Health: -27/161    AC: 22    Str: 25    XL:     19   Next: 43%
Magic:  33/33      EV: 14    Int: 14    God:    Qazlal [******]
Gold:   6823       SH: 22    Dex: 13    Spells: 15/18 levels left

rFire    + . .     SeeInvis +   a - +7 morningstar of Dithmenos's Supremacy {vorpal, rPois Str+2 SInv}
rCold    + . .     Faith    .   c - +0 kite shield
rNeg     . . .     Spirit   .   x - +2 plate armour {MR+}
rPois    +         Reflect  .   V - +0 helmet {Int+3}
rElec    .         Harm     .   T - +0 cloak {rPois}
rCorr    .                      m - +2 pair of gloves
MR       ++...                  J - +0 pair of boots {Fly}
Stlth    ..........             n - amulet of regeneration
HPRegen  0.76/turn              b - +4 ring of slaying
MPRegen  0.23/turn              g - ring "Hubax" {rF+ rC+}

@: agile, protected from physical damage, flying, hasted, repel missiles, very
quick
A: hooves 2, powered by pain 3, spiny 1, augmentation 1, sturdy frame 3
}: 2/15 runes: decaying, gossamer
a: Upheaval, Elemental Force, Disaster Area, Renounce Religion, Stop Flying


You were on level 2 of the Vaults.
You worshipped Qazlal.
Qazlal was exalted by your worship.
You visited 7 branches of the dungeon, and saw 34 of its levels.
You also visited: Ice Cave.

You collected 8423 gold pieces.
You spent 1600 gold pieces at shops.

Inventory:

Hand Weapons
 a - the +7 morningstar of Dithmenos's Supremacy (weapon) {vorpal, rPois Str+2 SInv}
   (You found it on level 12 of the Dungeon)

   It inflicts extra damage upon your enemies.
   It affects your strength (+2).
   It protects you from poison.
   It lets you see invisible.
Missiles
 z - 38 boomerangs (quivered)
 E - 13 curare-tipped darts
 U - 18 javelins
Armour
 c - a +0 kite shield (worn)
 m - a +2 pair of gloves (worn)
 x - a +2 plate armour of magic resistance (worn)
 J - a +0 pair of boots of flying (worn)
 T - a +0 cloak of poison resistance (worn)
 V - a +0 helmet of intelligence (worn)
Jewellery
 b - a +4 ring of slaying (left hand)
 g - the ring "Hubax" (right hand) {rF+ rC+}
   (You acquired it on level 1 of the Orcish Mines)

   [ring of protection from cold]

   It protects you from fire.
   It protects you from cold.
 h - an uncursed ring of see invisible
 n - an amulet of regeneration (around neck)
 t - an uncursed ring of protection from fire
 u - an uncursed ring of resist corrosion
Wands
 y - a wand of iceblast (23)
 K - a wand of polymorph (15)
 M - a wand of acid (27)
 Q - a wand of digging (11)
 W - a wand of flame (10)
Scrolls
 d - 5 scrolls of fog
 i - 14 scrolls of remove curse
 j - 9 scrolls of immolation
 k - 6 scrolls of teleportation
 v - 11 scrolls of identify
 w - 4 scrolls of blinking
 B - 10 scrolls of enchant weapon
 D - 3 scrolls of torment
 F - 4 scrolls of enchant armour
 G - 4 scrolls of fear
 H - a scroll of holy word
 P - 5 scrolls of amnesia
 R - 5 scrolls of magic mapping
 X - a scroll of summoning
Potions
 e - 3 potions of resistance
 l - 13 potions of curing
 o - 2 potions of cancellation
 p - 4 potions of ambrosia
 r - 3 potions of haste
 s - a potion of invisibility
 C - 2 potions of mutation
 N - a potion of heal wounds
 O - 6 potions of might
 Y - 2 potions of magic
 Z - 2 potions of berserk rage
Miscellaneous
 f - a condenser vane (2/2)
 L - a tin of tremorstones (3/3)
 S - a phantom mirror


   Skills:
 + Level 17.4 Fighting
 - Level 14.0 Maces & Flails
 - Level 2.6 Armour
 - Level 15.0 Shields
 - Level 10.5 Ice Magic
 + Level 20.1 Invocations
 - Level 10.0 Evocations


You had 15 spell levels left.
You knew the following spells:

 Your Spells              Type           Power        Failure   Level
a - Frozen Ramparts       Ice            ####..       4%          3

Your spell library contained the following spells:

 Spells                   Type           Power        Failure   Level
 Freeze                   Ice            ####         1%          1
 Ozocubu's Armour         Ice            ####....     4%          3
 Ensorcelled Hibernation  Hex/Ice        ##....       17%         2
 Animate Skeleton         Necr           #.....       69%         1
 Foxfire                  Conj/Fire      #...         69%         1
 Magic Dart               Conj           #...         69%         1
 Pain                     Necr           #...         69%         1
 Sandblast                Erth           #.....       69%         1
 Hailstorm                Conj/Ice       ##......     75%         4
 Summon Ice Beast         Ice/Summ       ##......     75%         4
 Blink                    Tloc           N/A          83%         2
 Passwall                 Tmut/Erth      #.......     83%         2
 Searing Ray              Conj           #.....       83%         2
 Dazzling Flash           Conj/Hex       #.....       96%         3
 Gell's Gravitas          Tloc           #.........   96%         3
 Lesser Beckoning         Tloc           #.........   96%         3
 Portal Projectile        Hex/Tloc       #.....       96%         3
 Static Discharge         Conj/Air       #.......     96%         3
 Stone Arrow              Conj/Erth      #.....       96%         3
 Teleport Other           Tloc           #.......     96%         3
 Vampiric Draining        Necr           #.........   96%         3
 Animate Dead             Necr           #.........   100%        4
 Cause Fear               Hex            #.........   100%        4
 Fulminant Prism          Conj/Hex       #.........   100%        4
 Iskenderun's Mystic Bla  Conj/Tloc      #.......     100%        4
 Passage of Golubria      Tloc           N/A          100%        4
 Petrify                  Tmut/Erth      #.......     100%        4
 Agony                    Necr           #.......     100%        5
 Borgnjor's Vile Clutch   Necr/Erth      #.........   100%        5
 Irradiate                Conj/Tmut      #.........   100%        5
 Lee's Rapid Deconstruct  Erth           #.........   100%        5
 Lightning Bolt           Conj/Air       #.........   100%        5
 Silence                  Hex/Air        #.........   100%        5
 Dispersal                Tloc           #.........   100%        6
 Hydra Form               Tmut           #.........   100%        6
 Shadow Creatures         Summ           N/A          100%        6
 Statue Form              Tmut/Erth      #........    100%        6
 Dragon Form              Tmut           #.........   100%        7
 Disjunction              Tloc           #.........   100%        8
 Ignition                 Fire           #.........   100%        8
 Dragon's Call            Summ           #.........   100%        9
 Shatter                  Erth           #.........   100%        9
 Tornado                  Air            #.........   100%        9


Dungeon Overview and Level Annotations

Branches:
Dungeon (15/15)            Temple (1/1) D:4            Lair (6/6) D:11
  Swamp (4/4) Lair:3       Spider (4/4) Lair:3        Slime (0/5) Lair:6
    Orc (2/2) D:12            Elf (0/3) Orc:2        Vaults (2/5) D:13
 Depths (0/5) D:15          IceCv (visited)
  Crypt: Vaults:2-3

Altars:
Ashenzari
Cheibriados
Dithmenos
Elyvilon
Fedhas
Gozag
Hepliaklqana
Kikubaaqudgha
Makhleb
Nemelex Xobeh
Qazlal
Ru
Sif Muna
Trog
Uskayaw
Vehumet
Wu Jian
Xom
Yredelemnul
Zin
The Shining One
Beogh
Jiyva
Lugonu

Shops:
D:4 [   D:9 (   D:13 :   Orc:1 ?   Orc:2 **[:

Portals:
Abyss: Lair:1

Annotations:
D:2 1 runed translucent door, Crazy Yiuf, Sigmund
D:7 3 runed translucent doors, gregwegmann's ghost, novice SpEn
D:8 4 runed translucent doors
D:11 1 runed translucent door
Lair:1 2 transporters, Steadysplat's ghost, journeyman GnWn
Swamp:4 2 transporters, willcat's ghost, journeyman DEEE
Orc:1 2 transporters


Innate Abilities, Weirdness & Mutations

You have hoof-like feet.
You are powered by pain.
You are partially covered in sharp spines.
Your magical and physical power is slightly enhanced at high health.
Your movements are significantly less encumbered by armour. (ER -6)


Message History

The stone giant is severely wounded.
You hear a horrible gurgling sound! x2
The stone giant hits you!!
* * * LOW HITPOINT WARNING * * *
You feel more protected from physical attacks.
You hit the stone giant but do no damage.
The stone giant is severely wounded.
You hear a horrible gurgling sound!
You hit the stone giant.
The stone giant is severely wounded.
You hear a horrible gurgling sound!
You hear a deafening roar!
A brown ugly thing comes into view.
You block the stone giant's attack.
You hear a horrible gurgling sound! x2
You impale the stone giant!!
You kill the stone giant!
Qazlal accepts your kill.
The tengu reaver points at you and mumbles some strange words.
The bolt of lightning hits you!!!
You die...

#........
#....... #.......
#....... #..... .
.... ..
#'#######'##'####
.....°..°(......#
#..°(@○...(##.#
##.§°.°..###
##.○..### ##.###
#' uQ #.. ##.


You could see a tengu reaver and a brown ugly thing.

Vanquished Creatures
  A tentacled monstrosity (Swamp:2)
  Gastronok (D:12)
  Agnes (D:15)
  2 thorn hunters
  Roxanne (Spider:3)
  4 ghost moths (Spider:4)
  A frost giant (IceCv)
  Louise (Spider:3)
  6 emperor scorpions
  2 ironheart preservers (Vaults:1)
  A stone giant (Vaults:2)
  3 entropy weavers
  Nessos (Lair:4)
  A deep elf annihilator (Vaults:1)
  6 dire elephants (Lair:6)
  2 spark wasps
  A deep elf death mage (Vaults:1)
  2 fire dragons
  3 yaktaur captains
  A great orb of eyes (Vaults:1)
  4 ogre magi
  A rakshasa (Vaults:2)
  Josephine (Lair:6)
  12 vault guards
  Harold (Orc:1)
  20 hydras
  4 shambling mangroves
  An ice dragon (Vaults:2)
  An anaconda (Lair:6)
  16 two-headed ogres
  Erica (D:10)
  2 death knights
  8 alligators
  4 centaur warriors
  13 death yaks
  5 orc high priests (Orc:2)
  3 tengu warriors (D:15)
  8 death scarabs (Spider:4)
  Sonja (Lair:3)
  2 deep elf knights (Vaults:1)
  Urug (Lair:2)
  Nergalle (Lair:1)
  A golden dragon zombie (D:15)
  13 skeletal warriors
  5 spriggan druids
  A flayed ghost (Vaults:2)
  9 swamp dragons
  4 unseen horrors
  3 ironbrand convokers
  Pikel (D:6)
  2 phantasmal warriors
  A deep elf archer (Vaults:1)
  11 orc knights
  10 harpies (Vaults:2)
  2 spectral wolf spiders (Spider:4)
  5 lindwurms
  31 wolf spiders
  3 wolf spider zombies (Spider:4)
  11 orb spiders
  23 ugly things
  2 necromancers
  2 orc sorcerers (Orc:1)
  5 deep elf magi
  A manticore (D:11)
  A salamander (Spider:4)
  8 cyclopes
  2 moths of wrath
  9 elephants
  Joseph (D:9)
  4 centaur zombies
  3 vault sentinels
  3 black mambas
  A gargoyle (D:10)
  Psyche (D:11)
  A torpor snail (Spider:1)
  An ice statue (IceCv)
  16 cane toads
  6 centaur skeletons
  4 komodo dragons
  3 rime drakes
  3 spectral redbacks (Spider:4)
  5 redback zombies (Spider:4)
  A kobold demonologist (D:13)
  12 yaktaurs
  9 demonic crawlers
  A yaktaur zombie (D:15)
  A freezing wraith (Vaults:2)
  A yaktaur skeleton (Vaults:2)
  A human skeleton (Vaults:2)
  4 tengu conjurers
  A harpy zombie (D:15)
  A troll (Orc:2)
  36 jumping spiders
  15 polar bears
  19 slime creatures
  A wind drake (Spider:2)
  Prince Ribbit (Lair:2)
  A fire dragon zombie (D:15)
  2 tarantella zombies (Spider:4)
  5 tyrant leeches
  3 spectral tarantellas (Spider:4)
  2 jumping spider zombies (Spider:4)
  3 bog bodies
  5 hippogriffs
  34 hornets
  4 dream sheep (Lair:4)
  19 blink frogs
  2 human simulacra (Vaults:1)
  56 redbacks
  An ettin skeleton (D:15)
  45 yaks
  6 shadows
  3 wyverns
  3 vampires
  17 spriggans
  8 wraiths
  29 tarantellas
  A basilisk (shapeshifter) (Vaults:2)
  A golden eye (shapeshifter) (D:13)
  6 basilisks
  A warg (Orc:1)
  28 vampire mosquitoes
  Menkaure (D:5)
  A human zombie (Vaults:2)
  5 insubstantial wisps
  An acid dragon (D:14)
  17 swamp worms
  6 porcupines
  11 water moccasins
  43 orc warriors
  3 spectral hornets (Spider:4)
  A meliai simulacrum (D:14)
  18 swamp drakes
  2 hornet zombies (Spider:4)
  6 ice beasts
  7 sky beasts
  An eye of draining (D:11)
  3 black bears
  5 phantoms
  A necrophage (D:3)
  2 boggarts (Vaults:2)
  21 ogres
  19 wolves
  8 centaurs
  10 crocodiles
  A lemure (D:6)
  3 big kobolds
  25 bullfrogs
  6 scorpions
  A water moccasin skeleton (D:7)
  A troll zombie (D:12)
  3 wyvern skeletons
  An electric eel (Lair:3)
  8 wights
  4 howler monkeys
  A crimson imp (D:5)
  4 jellies
  A bullfrog zombie (D:8)
  11 hounds
  A bullfrog skeleton (D:10)
  30 orc priests
  29 orc wizards
  6 iguanas
  21 worker ants
  5 ogre zombies (D:12)
  2 hound skeletons
  2 hound zombies
  A howler monkey zombie (D:9)
  A worker ant zombie (D:6)
  15 adders
  3 gnolls (D:8)
  2 howler monkey skeletons
  15 white imps
  An ufetubus (D:8)
  3 oozes
  2 adder zombies
  2 adder skeletons
  2 worms
  5 dart slugs
  7 leopard geckos
  110 orcs
  7 giant cockroaches
  9 goblins
  10 hobgoblins
  5 jackals
  5 quokkas
  A ball python (D:2)
  5 bats
  4 frilled lizards
  A goblin skeleton (D:12)
  A goblin zombie (D:12)
  2 hobgoblin skeletons (D:12)
  2 hobgoblin zombies (D:12)
  19 kobolds
  A leopard gecko skeleton (D:7)
  2 orc skeletons (D:12)
  11 orc zombies (D:12)
  A quokka skeleton (D:4)
  A quokka zombie (D:6)
  8 rats
1380 creatures vanquished.

Vanquished Creatures (collateral kills)
  A white imp (D:10)
1 creature vanquished.

Vanquished Creatures (others)
  A spectral tarantella (Spider:4)
  6 briar patches (Swamp:4)
  A demonic plant (Temple)
  46 fungi
  69 plants
  7 withered plants (D:15)
130 creatures vanquished.

Grand Total: 1511 creatures vanquished

Notes
Turn   | Place    | Note
-------+----------+-------------------------------------------
     0 | D:1      | minorukun the Demonspawn Fighter began the quest for the
                  | Orb.
     0 | D:1      | Reached XP level 1. HP: 18/18 MP: 1/1
   189 | D:1      | Gained mutation: You have large cloven feet. [demonic
                  | ancestry]
   189 | D:1      | Reached XP level 2. HP: 21/24 MP: 2/2
   807 | D:1      | Gained mutation: You sometimes gain a little power by
                  | taking damage. [demonic ancestry]
   807 | D:1      | Reached XP level 3. HP: 29/29 MP: 3/3
  1527 | D:2      | Found a blossoming altar of Fedhas.
  1585 | D:2      | Gained mutation: You are partially covered in sharp spines.
                  | [demonic ancestry]
  1585 | D:2      | Reached XP level 4. HP: 35/35 MP: 4/4
  1715 | D:2      | Noticed Sigmund
  2327 | D:2      | Found a runed translucent door.
  2328 | D:2      | Noticed Crazy Yiuf
  2677 | D:3      | Noticed a necrophage
  2718 | D:3      | Killed a necrophage
  2718 | D:3      | Gained mutation: Your movements are slightly less
                  | encumbered by armour. (ER -2) [demonic ancestry]
  2718 | D:3      | Reached XP level 5. HP: 24/42 MP: 5/5
  2778 | D:3      | Found a stormy altar of Qazlal.
  2795 | D:3      | Became a worshipper of Qazlal Stormbringer
  3236 | D:3      | Found a faded altar of an unknown god.
  3647 | D:4      | Reached XP level 6. HP: 48/48 MP: 6/6
  3656 | D:4      | Found a hazy altar of Hepliaklqana.
  3708 | D:3      | Reached * piety under Qazlal
  3834 | D:4      | Reached skill level 5 in Maces & Flails
  4119 | D:3      | Gained mutation: You sometimes gain power by taking damage.
                  | [demonic ancestry]
  4119 | D:3      | Reached XP level 7. HP: 47/55 MP: 7/7
  4158 | D:3      | Reached skill level 5 in Fighting
  4253 | D:4      | You fall into a shaft and drop 2 floors!
  4264 | D:6      | You fall into a shaft and drop 3 floors!
  4433 | D:9      | Noticed Joseph
  4472 | D:9      | Killed Joseph
  4472 | D:9      | Reached XP level 8. HP: 59/64 MP: 8/8
  4608 | D:8      | Found a large runed translucent door.
  4608 | D:8      | Noticed a meliai
  4667 | D:9      | Noticed a two-headed ogre
  4746 | D:7      | Reached ** piety under Qazlal
  4862 | D:7      | Noticed gregwegmann's ghost (novice SpEn)
  4915 | D:7      | Found a runed translucent gate.
  4915 | D:7      | Found a runed translucent gate.
  4917 | D:7      | Found a runed translucent gate.
  4988 | D:5      | Entered Level 5 of the Dungeon
  5001 | D:5      | Reached XP level 9. HP: 49/72 MP: 9/9
  5160 | D:5      | Found a glowing silver altar of Zin.
  5210 | D:5      | Noticed a +0 dagger
  5210 | D:5      | Noticed a +0 dagger
  5216 | D:5      | Found a hide-covered altar of Uskayaw.
  5631 | D:4      | Found a shattered altar of Ashenzari.
  5693 | D:4      | Reached skill level 1 in Invocations
  5759 | D:4      | Found a staircase to the Ecumenical Temple.
  5769 | Temple   | Entered the Ecumenical Temple
  5966 | D:4      | Found Coarahul's Antique Armour Emporium.
  5969 | D:4      | Bought a glowing chain mail for 172 gold pieces
  6123 | D:5      | Got a smoking pewter amulet
  6134 | D:5      | Identified the amulet of Fuowun {Inacc rF+ Dex+5} (You
                  | found it on level 5 of the Dungeon)
  6149 | D:5      | Noticed Menkaure
  6174 | D:4      | Reached skill level 2 in Invocations
  6253 | D:5      | Killed Menkaure
  6378 | D:5      | Found a burning altar of Makhleb.
  6379 | D:5      | Found a shimmering altar of Xom.
  6567 | D:5      | Reached skill level 3 in Invocations
  6772 | D:5      | Found a shadowy altar of Dithmenos.
  6773 | D:5      | Found an ornate altar of the Wu Jian Council.
  6939 | D:6      | Noticed Pikel
  6951 | D:6      | Reached skill level 10 in Maces & Flails
  6969 | D:6      | Killed Pikel
  6969 | D:6      | Reached skill level 4 in Invocations
  6969 | D:6      | Reached XP level 10. HP: 82/82 MP: 3/13
  7262 | D:6      | Found a blossoming altar of Fedhas.
  7686 | D:7      | Reached *** piety under Qazlal
  7755 | D:7      | Reached skill level 5 in Invocations
  7782 | D:7      | Learned a level 3 spell: Frozen Ramparts
  8297 | D:8      | Reached skill level 5 in Shields
  8394 | D:8      | Found a large runed translucent door.
  8399 | D:8      | Found a large runed translucent door.
  8399 | D:8      | Found a large runed translucent door.
  8434 | D:8      | Reached **** piety under Qazlal
  8864 | D:9      | Killed a two-headed ogre
  8864 | D:9      | Reached skill level 6 in Invocations
  8955 | D:9      | Found Kigits's Antique Weapon Emporium.
  8959 | D:9      | Found a glowing golden altar of the Shining One.
  9115 | D:9      | Found a sacrificial altar of Ru.
  9116 | D:9      | You fall into a shaft and drop 2 floors!
  9119 | D:11     | Noticed Psyche
  9126 | D:10     | Entered Level 10 of the Dungeon
  9141 | D:10     | Noticed Erica
  9149 | D:10     | Noticed a cyclops
  9441 | D:10     | Noticed an unseen horror
  9457 | D:10     | Killed an unseen horror
  9469 | D:9      | Gained mutation: Your movements are less encumbered by
                  | armour. (ER -4) [demonic ancestry]
  9469 | D:9      | Reached XP level 11. HP: 61/89 MP: 16/16
  9527 | D:10     | Reached skill level 7 in Invocations
  9750 | D:10     | Killed Erica
 10346 | D:11     | Killed Psyche
 10346 | D:11     | Reached skill level 8 in Invocations
 10532 | D:11     | Found a runed translucent door.
 10532 | D:11     | Noticed a sixfirhy
 10541 | D:11     | Noticed a two-headed ogre
 10553 | D:11     | Killed a two-headed ogre
 10553 | D:11     | Reached skill level 10 in Fighting
 10798 | D:11     | Found a staircase to the Lair.
 10989 | Lair:1   | Entered Level 1 of the Lair of Beasts
 11010 | Lair:1   | Reached skill level 9 in Invocations
 11015 | Lair:1   | Noticed Nergalle
 11019 | Lair:1   | Killed Nergalle
 11019 | Lair:1   | Gained mutation: You have hoof-like feet. [demonic
                  | ancestry]
 11019 | Lair:1   | Reached XP level 12. HP: 97/97 MP: 5/18
 11081 | Lair:1   | Noticed an eight-headed hydra
 11088 | Lair:1   | Killed an eight-headed hydra
 11376 | Lair:1   | Found a transporter.
 11379 | Lair:1   | Noticed a hell hog
 11412 | Lair:1   | Found a transporter.
 11429 | Lair:1   | Noticed a four-headed hydra
 11438 | Lair:1   | Killed a four-headed hydra
 11466 | Lair:1   | Found a one-way gate to the infinite horrors of the Abyss.
 11466 | Lair:1   | Identified the +2 short sword of the Witching Shrike
                  | {distort, Dex+2}
 11466 | Lair:1   | Noticed Steadysplat's ghost (journeyman GnWn)
 11472 | Lair:1   | Noticed a cacodemon
 11474 | Lair:1   | Noticed a hell hog
 11770 | Lair:2   | Noticed Urug
 11783 | Lair:2   | Killed Urug
 11819 | Lair:2   | Noticed Prince Ribbit
 11824 | Lair:2   | Reached skill level 10 in Invocations
 11840 | Lair:2   | Killed Prince Ribbit
 12816 | Lair:3   | Found a glowing silver altar of Zin.
 12906 | Lair:3   | Found a hole to the Spider Nest.
 13154 | Lair:3   | Found a staircase to the Swamp.
 13176 | Lair:3   | Noticed Sonja
 13177 | Lair:3   | Killed Sonja
 13792 | Lair:4   | Noticed Nessos
 13798 | Lair:4   | Killed Nessos
 13897 | Lair:4   | Reached XP level 13. HP: 93/106 MP: 18/21
 14148 | Lair:3   | HP: 2/106 [death yak (17)]
 14149 | Lair:3   | Reached skill level 11 in Invocations
 15708 | Lair:5   | Reached skill level 12 in Invocations
 16473 | Lair:6   | Entered Level 6 of the Lair of Beasts
 16629 | Lair:6   | Noticed Josephine
 16775 | Lair:6   | Reached skill level 10 in Shields
 16796 | Lair:6   | Reached skill level 13 in Invocations
 16948 | Lair:6   | Reached XP level 14. HP: 116/116 MP: 23/23
 17015 | Lair:6   | Reached skill level 1 in Ice Magic
 17131 | Lair:6   | Killed Josephine
 17468 | Lair:6   | Found a viscous altar of Jiyva.
 17468 | Lair:6   | Found a staircase to the Slime Pits.
 18092 | Lair:6   | Reached skill level 1 in Evocations
 18639 | D:12     | Noticed Gastronok
 18665 | D:12     | Killed Gastronok
 18740 | D:12     | Got a masterwork morningstar
 18741 | D:12     | Identified the +7 morningstar of Dithmenos's Supremacy
                  | {vorpal, rPois Str+2 SInv} (You found it on level 12 of the
                  | Dungeon)
 18830 | D:12     | Found a staircase to the Orcish Mines.
 18846 | D:12     | Reached ***** piety under Qazlal
 19606 | Orc:1    | Entered Level 1 of the Orcish Mines
 19682 | Orc:1    | Found Kuloiwn's Magic Scroll Shoppe.
 19690 | Orc:1    | Bought a scroll of identify for 22 gold pieces
 19690 | Orc:1    | Bought a scroll of blinking for 82 gold pieces
 19690 | Orc:1    | Bought a scroll of acquirement for 572 gold pieces
 19690 | Orc:1    | Bought a scroll of holy word for 82 gold pieces
 19691 | Orc:1    | Acquired the ring "Hubax" {rF+ rC+}
 19757 | Orc:1    | Reached skill level 14 in Invocations
 19886 | Orc:1    | Found a transporter.
 19886 | Orc:1    | Noticed an orc warlord
 19892 | Orc:1    | Noticed an orc warlord
 19928 | Orc:1    | Found a roughly hewn altar of Beogh.
 19928 | Orc:1    | Found a transporter.
 19931 | Orc:1    | Found the +2 cloak of the Thief {*Fog Slay-2 SInv Stlth+}
 20076 | Orc:1    | Noticed Harold
 20089 | Orc:1    | Killed Harold
 20429 | Orc:2    | Entered Level 2 of the Orcish Mines
 20545 | Orc:2    | Found a staircase to the Elven Halls.
 20579 | Orc:2    | Found a shimmering altar of Xom.
 20980 | Orc:2    | Found a frozen archway.
 20993 | Orc:2    | Found a roughly hewn altar of Beogh.
 21016 | IceCv    | Entered an ice cave
 21039 | IceCv    | Gained mutation: You are powered by pain. [demonic
                  | ancestry]
 21039 | IceCv    | Reached XP level 15. HP: 116/124 MP: 25/25
 21076 | IceCv    | Reached ****** piety under Qazlal
 21231 | IceCv    | Reached skill level 5 in Ice Magic
 21566 | IceCv    | Identified the ring "Zobi" {Ice rN+ Str+4}
 21566 | IceCv    | Noticed a frost giant
 21582 | IceCv    | Killed a frost giant
 21697 | Orc:2    | Reached skill level 5 in Evocations
 21972 | Orc:2    | Found Diomeoci's Antique Armour Shoppe.
 21975 | Orc:2    | Found Qiluk's Assorted Antiques.
 21976 | Orc:2    | Found Taetioh's Book Shoppe.
 21977 | Orc:2    | Found Roschutho's Assorted Antiques.
 21984 | Orc:2    | Bought a runed helmet for 135 gold pieces
 21984 | Orc:2    | Bought a pair of runed boots for 135 gold pieces
 22002 | Orc:2    | Bought a flickering jade amulet for 160 gold pieces
 22004 | Orc:2    | Identified the amulet "Imosoec" {Faith *Drain +Blink rElec
                  | Int+6} (You bought it in a shop on level 2 of the Orcish
                  | Mines)
 22017 | Orc:2    | Bought a scroll of blinking for 240 gold pieces
 22397 | D:13     | Found a gate to the Vaults.
 22419 | D:13     | Reached skill level 15 in Invocations
 22758 | D:13     | Found Nyrin's Book Emporium.
 23087 | D:14     | Found a sacrificial altar of Ru.
 23906 | D:14     | Acquired a +4 ring of slaying
 24358 | D:15     | Entered Level 15 of the Dungeon
 24367 | D:15     | Noticed Agnes
 24379 | D:15     | Killed Agnes
 24381 | D:15     | Gained mutation: Your movements are significantly less
                  | encumbered by armour. (ER -6) [demonic ancestry]
 24381 | D:15     | Reached XP level 16. HP: 133/133 MP: 27/27
 24742 | D:15     | Found a staircase to the Depths.
 24815 | D:15     | Reached skill level 16 in Invocations
 25447 | Swamp:1  | Entered Level 1 of the Swamp
 25724 | Swamp:1  | Found a sparkling altar of Nemelex Xobeh.
 26541 | Swamp:2  | Noticed a tentacled monstrosity
 26548 | Swamp:2  | Killed a tentacled monstrosity
 27253 | Swamp:3  | Noticed a thorn hunter
 27266 | Swamp:3  | Killed a thorn hunter
 27413 | Swamp:3  | Reached XP level 17. HP: 138/140 MP: 29/29
 27422 | Swamp:3  | Reached skill level 15 in Fighting
 27924 | Swamp:4  | Entered Level 4 of the Swamp
 28546 | Swamp:3  | Reached skill level 17 in Invocations
 29427 | Swamp:4  | Got a decaying rune of Zot
 29821 | Swamp:4  | Acquired 4870 gold pieces
 29826 | Swamp:4  | Identified the +8 morningstar "Lorem Ipsum" {antimagic,
                  | +Rage rPois rF++ Dex-2}
 29826 | Swamp:4  | Noticed willcat's ghost (journeyman DEEE)
 29857 | Swamp:4  | Identified the cursed +2 morningstar "Ukochim" {vamp, rElec
                  | MR+}
 29862 | Swamp:4  | Found a bloodstained altar of Trog.
 29870 | Swamp:4  | Found a transporter.
 29876 | Swamp:4  | Found a transporter.
 30197 | Spider:1 | Entered Level 1 of the Spider Nest
 30238 | Spider:1 | Reached skill level 10 in Evocations
 31150 | Spider:2 | Acquired a +2 eveningstar of protection
 31205 | Spider:2 | Reached skill level 10 in Ice Magic
 31329 | Spider:2 | Gained mutation: Your magical and physical power is
                  | slightly enhanced at high health. [demonic ancestry]
 31329 | Spider:2 | Reached XP level 18. HP: 150/151 MP: 30/30
 31618 | Spider:3 | Identified Roxanne's Tome of Transformation
 31618 | Spider:3 | Noticed Roxanne
 31642 | Spider:3 | Killed Roxanne
 31696 | Spider:3 | Noticed Louise
 31705 | Spider:2 | Reached skill level 18 in Invocations
 31935 | Spider:3 | Killed Louise
 32369 | Spider:4 | Entered Level 4 of the Spider Nest
 33196 | Spider:4 | Reached skill level 19 in Invocations
 33222 | Spider:4 | Got a gossamer rune of Zot
 33830 | Vaults:1 | Entered Level 1 of the Vaults
 34375 | Vaults:1 | Got a brightly glowing brass amulet
 34376 | Vaults:1 | Identified the amulet "Sistrioc" {Inacc rF++ Str+8} (You
                  | found it on level 1 of the Vaults)
 34393 | Vaults:1 | Reached XP level 19. HP: 138/159 MP: 32/32
 35725 | Vaults:2 | Reached skill level 15 in Shields
 35864 | Vaults:2 | Reached skill level 20 in Invocations
 35924 | Vaults:2 | Killed from afar by a tengu reaver

Illustrated notes

Levels and vault maps discovered:
D:1:      sevenhm_arrival_forest_fort_small_3, layout_rooms,
          minmay_misc_feat_rugged, kennysheep_pointless_box
D:2:      layout_loops_ring, okawaru_altar_gauntlet_db, fedhas_altar_3,
          uniq_crazy_yiuf_cottage, uniq_sigmund
D:3:      layout_basic, grunt_qazlal_sundering, chequers_ecumenical_altar_grove,
          ebering_dispersal_statue_hall
D:4:      layout_cave_pools, cheibrodos_ashenzari_chains, lemuel_doored_altar,
          minmay_temple_entry_gardened_gates, serial_shops, kennysheep_mini_moat
D:5:      layout_basic, grunt_temple_overflow_champion_of_chaos,
          dancing_weapons_uskayaw, kennysheep_mini,
          chequers_temple_overflow_statue_of_worship, minmay_misc_feat_tiny,
          kennysheep_big_empty_room, kennysheep_generic_room_9, uniq_menkaure
D:6:      layout_loops_cross, basic_altar, uniq_pikel
D:7:      layout_basic, gammafunk_ghost_split
D:8:      layout_rooms, minmay_hollow_rounded_squares
D:9:      layout_rooms, overflow_temple_1_default, old_standard_altar,
          serial_shops, shop, roderic_lattice_a, uniq_joseph
D:10:     layout_rooms, lightli_fourway_metalbox, uniq_erica
D:11:     cheibrodos_shockbox, layout_rooms, david_lair_shrubbed, uniq_psyche
D:12:     layout_long_grid, zombieorc1_lemuel, uniq_gastronok
D:13:     layout_basic, erik_vaults_2, serial_shops, shop, grunt_ministairs_15,
          serial_bayou_pond_c, minmay_microvault
D:14:     lemuel_ice_spiral_2, layout_stronghold,
          nicolae_ru_sacrificial_ziggurat, st_stairs_10,
          hangedman_abyss_or_decor_stagger
D:15:     gammafunk_depths_entry_grave, layout_loops_ring,
          hangedman_glass_teeth, billiards_dpeg, uniq_agnes
Temple:   kb_corrupted_temple
Lair:1:   layout_hall_layers, gammafunk_ghost_abyssal_escape, lemuel_fruit_tree,
          infiniplex_staircase_pool, uniq_nergalle
Lair:2:   layout_cellular_growth, grunt_megastairs_4, uniq_urug,
          uniq_prince_ribbit2
Lair:3:   layout_cave_pods, nicolae_swamp_entry_splash_gauntlet,
          dummy_spider_entry, basic_altar, uniq_sonja
Lair:4:   layout_cave_shapes, wad_woods_river_01, uniq_nessos
Lair:5:   layout_roguey
Lair:6:   due_jungle_book, layout_cellular_growth, slime_altar_1, uniq_josephine
Swamp:1:  layout_falls_marsh, basic_altar, swamp_pool1
Swamp:2:  layout_basic_swamp, evilmike_swamp_ruin_house_3
Swamp:3:  layout_basic_swamp, evilmike_swamp_ruin_house_4,
          grunt_lady_of_the_lake
Swamp:4:  swamp_alternative, layout_basic_swamp,
          gammafunk_ghost_wrathful_warriors, swamp_pool1
Spider:1: layout_spider_delve
Spider:2: nicolae_spider_mines_1
Spider:3: layout_spider_delve, guppyfry_spider_mini_1, uniq_roxanne, uniq_louise
Spider:4: floodkiller_spider_rune_tomb
Orc:1:    gammafunk_beogh_shrine, layout_caves, serial_shops,
          nicolae_shop_statue_plus, uniq_harold
Orc:2:    st_orc_pillars, layout_diamond_mine, basic_altar,
          portal_ice_cave_entry_imps, mines2_david
Vaults:1: hangedman_vaults_maws, vaults_room_grunt_arrival_checkpoint,
          ontoclasm_vaults_shuriken, vaults_room_corners, vaults_room_pool,
          nicolae_vaults_little_squares_3, v_misc_27, ontoclasm_vaults_pinch,
          dpeg_vaults_monster_row, ontoclasm_vaults_ligature,
          layout_vaults_omnigrid
Vaults:2: nicolae_vaults_twisting_passages, ontoclasm_vaults_ring_small,
          nicolae_vaults_network_periphery,
          nicolae_vaults_good_morning_starshine, ontoclasm_vaults_fault,
          v_misc_10, ontoclasm_vaults_decontamination,
          nicolae_vaults_sealed_display, hangedman_vaults_slither,
          vaults_mumra_minichess_inversion, minmay_crypt_entry_simple_round,
          layout_vaults_omnicross

Skill      XL: |  1  2  3  4  5  6  7  8  9 10 11 12 13 14 15 16 17 18 19 |
---------------+----------------------------------------------------------+-----
Maces & Flails | 2 3 4 5 6 8 10 11 12 13 14 | 14.0
Shields        | 3 4 5 7 8 10 11 12 13 14 15 | 15.0
Fighting       | 4 5 7 8 9 10 11 12 13 14 15 16 17 | 17.4
Invocations    | 4 6 9 10 13 14 15 16 17 19 20 | 20.1
Ice Magic      | 4 6 8 10 | 10.5
Evocations     | 4 6 8 10 | 10.0
Armour         | |  2.6

Action                   |  1- 3 |  4- 6 |  7- 9 | 10-12 | 13-15 | 16-18 | 19-21 || total
-------------------------+-------+-------+-------+-------+-------+-------+-------++-------
Melee: Flail             |   121 |   145 |   325 |   182 |       |       |       ||   773
       Kick              |    19 |    33 |    88 |   182 |   415 |       |       ||   737
       Morningstar       |       |       |       |   433 |  1357 |  1343 |   213 ||  3346
 Fire: Hunting sling     |       |       |       |    22 |       |       |       ||    22
Throw: Stone             |     9 |     1 |    53 |       |       |       |       ||    63
       Dart              |       |    19 |    23 |    43 |    24 |       |       ||   109
       Boomerang         |       |       |       |    23 |     1 |     4 |       ||    28
 Cast: Frozen Ramparts   |       |       |       |       |       |    11 |     2 ||    13
Invok: Upheaval          |       |       |     5 |    21 |    12 |    22 |     2 ||    62
       Elemental Force   |       |       |       |     2 |       |       |       ||     2
       Disaster Area     |       |       |       |       |       |     1 |     1 ||     2
Evoke: Condenser vane    |       |       |       |       |     5 |     1 |       ||     6
       Tin of tremorston |       |       |       |       |     2 |       |       ||     2
       Wand              |       |       |       |       |     2 |    12 |       ||    14
  Use: Scroll            |     3 |     1 |     9 |    17 |     7 |     9 |     1 ||    47
       Potion            |       |     1 |       |     1 |     3 |       |     2 ||     7
 Stab: Distracted        |       |       |       |       |     2 |       |       ||     2
       Confused          |       |       |       |       |       |     1 |       ||     1
Armor: Scale mail        |    36 |    35 |     8 |       |       |       |       ||    79
       Chain mail        |       |       |    94 |   154 |   170 |       |       ||   418
       Plate armour      |       |       |       |       |    97 |   476 |    69 ||   642
Dodge: Dodged            |    26 |    30 |    48 |   111 |   197 |   277 |    36 ||   725
       Repelled          |       |       |       |     4 |     5 |    17 |       ||    26
Block: Kite shield       |    48 |    74 |   156 |   428 |   913 |  1426 |   219 ||  3264

Table legend: (Time is in decaauts)
 A = Elapsed time spent in this place.
 B = Non-inter-level travel time spent in this place.
 C = Inter-level travel time spent in this place.
 D = Time resting spent in this place.
 E = Time spent auto-exploring this place.
 F = Levels seen in this place.
 G = Mean time per level.
                   A        B        C        D        E       F      G
               +--------+--------+--------+--------+--------+-----+--------+
         Total |  35634 |  33479 |   2155 |   6360 |  15852 |  35 | 1018.1 |
       Dungeon |  15177 |  14203 |    974 |   2119 |   6936 |  15 | 1011.8 |
        Temple |    113 |     93 |     20 |      0 |     91 |   1 |  113.0 |
          Lair |   7907 |   7269 |    638 |   1577 |   3815 |   6 | 1317.8 |
         Swamp |   4457 |   4191 |    266 |   1195 |   1851 |   4 | 1114.2 |
   Spider Nest |   3416 |   3279 |    137 |    678 |   1449 |   4 |  854.0 |
  Orcish Mines |   1884 |   1798 |     86 |    182 |    767 |   2 |  942.0 |
        Vaults |   2042 |   2009 |     33 |    435 |    943 |   2 | 1021.0 |
      Ice Cave |    633 |    633 |      0 |    171 |      0 |   1 |  633.0 |
               +--------+--------+--------+--------+--------+-----+--------+

Top non-repeatable levels by time:
  Lair:6: 1961 daAuts
  Lair:4: 1716 daAuts
Vaults:1: 1662 daAuts
  Lair:3: 1542 daAuts
     D:2: 1389 daAuts
 Swamp:3: 1358 daAuts
     D:5: 1338 daAuts
    D:14: 1284 daAuts
     D:1: 1264 daAuts
     D:3: 1259 daAuts
Spider:4: 1250 daAuts
 Swamp:4: 1242 daAuts
     D:9: 1118 daAuts
    D:12: 1067 daAuts
   Orc:2: 1061 daAuts
